 Dungeon Crawl Stone Soup version 0.25-a0-277-g7046ed1b37 (webtiles) character file.

Game seed: 5640053114178784966, levelgen mode: deterministic

54 MoonlitKnight the Shooter (level 3, -1/30 HPs)
             Began as a Centaur Hunter on Dec 8, 2019.
             Slain by Sigmund
             ... wielding a +0 scythe
              (5 damage)
             ... on level 2 of the Dungeon.
             The game lasted 00:04:37 (1039 turns).

MoonlitKnight the Shooter (Centaur Hunter)          Turns: 1039, Time: 00:04:37

Health: -1/30      AC:  4    Str: 14    XL:     3   Next: 66%
Magic:  3/3        EV:  9    Int: 10    God:
Gold:   109        SH:  0    Dex: 10    Spells: 2/2 levels left

rFire    . . .     SeeInvis .   a - +1 shortbow
rCold    . . .     Gourm    .   (shield currently unavailable)
rNeg     . . .     Faith    .   c - +0 leather armour
rPois    .         Spirit   .   (no helmet)
rElec    .         Reflect  .   (no cloak)
rCorr    .         Harm     .   (no gloves)
MR       .....                  (no barding)
Stlth    ++........             (no amulet)
HPRegen  0.10/turn              j - ring of stealth
MPRegen  0.08/turn              (no ring)

@: very quick
A: large, hooves 3, deformed body, speed 2, tough skin 3
a: no special abilities


You were on level 2 of the Dungeon.
You were not hungry.

You visited 1 branch of the dungeon, and saw 2 of its levels.

You collected 109 gold pieces.

Inventory:

Hand Weapons
 a - a +1 shortbow (weapon)
 b - a +0 short sword
Missiles
 o - 6 poisoned darts (quivered)
Armour
 c - a +0 leather armour (worn)
Jewellery
 j - a ring of stealth (left hand)
Scrolls
 h - a scroll of identify {unknown}
 i - a scroll of amnesia {unknown}
 m - a scroll of fog {unknown}
 n - a scroll of fear {unknown}
 p - 2 scrolls of teleportation {unknown}
 q - a scroll of enchant weapon {unknown}
 r - 3 scrolls of remove curse {unknown}
Potions
 e - a potion of berserk rage {unknown}
 g - a potion of degeneration {unknown}
 l - 3 potions of curing {unknown}
 s - a potion of lignification {unknown}
Comestibles
 f - 5 rations
 k - 2 chunks of flesh


   Skills:
 + Level 2.7 Fighting
 * Level 6.6 Bows
 - Level 1.3 Dodging
 - Level 0.4 Stealth


You had 2 spell levels left.
You didn't know any spells.
Your spell library was empty.

Dungeon Overview and Level Annotations

Branches:
Dungeon (2/15)

Altars:

Annotations:
D:2 Sigmund


Innate Abilities, Weirdness & Mutations

You have hooves in place of feet.
Armour fits poorly on your strangely shaped body.
You cover ground very quickly.
You have extremely tough skin. (AC +3)


Message History

Aim: Sigmund, wielding a +0 scythe and wearing a cursed +0 robe (moderately wounded)
You throw a poisoned dart. The poisoned dart hits Sigmund.
Sigmund is poisoned.
Sigmund is moderately wounded.
You kill the kobold!
A rat comes into view.
Throwing (i - inventory)
o - 7 poisoned darts (quivered)
Press: ? - help, Shift-Dir - straight line, f/p - Sigmund
Aim: Sigmund, wielding a +0 scythe and wearing a cursed +0 robe (moderately wounded, poisoned)
You throw a poisoned dart. The poisoned dart hits Sigmund.
Sigmund looks even sicker.
Sigmund is moderately wounded.
Some of the chunks of flesh in your inventory have rotted away.
Sigmund gestures wildly while chanting.
Sigmund flickers and vanishes!
Deactivating autopickup; reactivate with Ctrl-A.
You see here an arrow.
A puff of flame appears from out of thin air!
The puff of flame hits you but does no damage.
Something hits you.
You die...

....................#.##
...@.............(.#.##
................(.#.##
.................#.##
#...#..#.#..#..(#.#######
.######...######.#......#
#...#..#.#..#...#.#######
...8....(..8....#.##
......^........@.#.##
..8.........8.....#.##
............(......#.##
...8.......8........#.##
......?...r?.........#.#
.............(........##
####....).(.....#######
......r######### .......


You could see a rat.

Vanquished Creatures
  An adder (D:2)
  An ooze (D:1)
  2 leopard geckos (D:1)
  A giant cockroach (D:1)
  2 goblins (D:1)
  3 hobgoblins
  6 jackals (D:1)
  5 bats (D:1)
  3 frilled lizards
  8 kobolds
  6 rats
38 creatures vanquished.

Notes
Turn   | Place    | Note
-------+----------+-------------------------------------------
     0 | D:1      | MoonlitKnight the Centaur Hunter began the quest for the
                  | Orb.
     0 | D:1      | Reached XP level 1. HP: 17/17 MP: 1/1
   283 | D:1      | Reached XP level 2. HP: 24/24 MP: 2/2
   339 | D:1      | Reached skill level 6 in Bows
   611 | D:1      | Reached XP level 3. HP: 30/30 MP: 3/3
   913 | D:2      | Noticed Sigmund
   997 | D:2      | HP: 1/30 [Sigmund/magic dart (7)]
  1039 | D:2      | Slain by Sigmund

Levels and vault maps discovered:
D:1:      minmay_arrival_loop, layout_basic
D:2:      wad_pebble_path, layout_rooms, lemuel_doored_altar, minmay_liquid_box,
          uniq_sigmund

Skill      XL: |  1  2 |
---------------+-------+-----
Bows           | 6 |  6.6
Fighting       | |  2.7
Dodging        | |  1.3
Stealth        | |  0.4

Action                   || total
-------------------------++-------
Melee: Short sword       ||     8
       Kick              ||     2
 Fire: Shortbow          ||    88
Throw: Dart              ||     4
Armor: Leather armour    ||    27
Dodge: Dodged            ||    26

Table legend:
 A = Non-vault XP
 B = Vault XP
 C = Vault XP percentage of total XP
 D = Non-vault monster count
 E = Vault monster count
 F = Vault count percentage of total count
                 A         B        C        D         E       F
            +---------+---------+-------+---------+---------+-------
      Total |      78 |       0 |   0.0 |      38 |       0 |   0.0
            +---------+---------+-------+---------+---------+-------
        D:1 |      48 |       0 |   0.0 |      25 |       0 |   0.0
        D:2 |      30 |       0 |   0.0 |      13 |       0 |   0.0
            +---------+---------+-------+---------+---------+-------
